 Dungeon Crawl Stone Soup version 0.30.1-11-g7821555f0a (webtiles) character file.

Game seed: 3475230621807902973

32 kittinger the Trooper (level 3, 29/29 HPs)
             Began as a Human Cinder Acolyte on Jan 16, 2024.
             Was a High Priest of Ignis.
             Quit the game on level 1 of the Dungeon.
             The game lasted 00:13:05 (650 turns).

kittinger the Trooper (Human Cinder Acolyte)         Turns: 650, Time: 00:13:06

Health: 29/29      AC:  3    Str: 14    XL:     3   Next: 42%
Magic:  5/5        EV: 11    Int: 16    God:    Ignis [*****.]
Gold:   63         SH:  0    Dex:  8    Spells: 4/4 levels left

rFire   + . .        a - -1 spear (flame)
rCold   . . .        (no shield)
rNeg    . . .        h - +0 leather armour
rPois   .            (no helmet)
rElec   .            (no cloak)
rCorr   .            (no gloves)
SInv    .            (no boots)
Will    .....        (no amulet)
Stlth   +            (no ring)
HPRegen 0.24/turn    (no ring)
MPRegen 0.09/turn

%: no passive effects
@: no status effects
A: no striking features
a: Renounce Religion, Fiery Armour, Foxfire Swarm, Rising Flame


You were on level 1 of the Dungeon.
You worshipped Ignis.
Ignis was extremely pleased with you.
You visited 1 branch of the dungeon, and saw 2 of its levels.

You collected 63 gold pieces.

Inventory:

Hand Weapons
 a - a -1 spear of flaming (weapon)
Missiles
 d - 4 stones (quivered)
Armour
 b - a +0 robe
 h - a +0 leather armour (worn)
Scrolls
 c - a scroll of poison {unknown}
 e - a scroll of teleportation {unknown}
Potions
 f - a potion of lignification {unknown}
 g - a potion of curing {unknown}


   Skills:
 + Level 3.5 Fighting
 + Level 3.3 Polearms
 + Level 1.3 Spellcasting
 + Level 3.2 Fire Magic


You had 4 spell levels left.
You didn't know any spells.
Your spell library contained the following spells:

 Spells                   Type           Power      Damage    Failure   Level
 Scorch                   Fire           22%        2d6       11%         2


Dungeon Overview and Level Annotations

Branches:
Dungeon (2/15)

Altars:


Message History

You kill the kobold!
A ball python comes into view.
d - 4 stones (gained 2)
Things that are here:
a +0 short sword; a kobold corpse The ball python hisses angrily.
You closely miss the ball python. The ball python bites you.
The ball python barely misses you.
The ball python bites you but does no damage.
The ball python grabs you. The ball python constricts you.
You hit the ball python. You burn the ball python.
You kill the ball python!
Magic restored.
HP restored.
You see here a ball python corpse.
Found a leather armour.
You see here a +0 leather armour.
h - a +0 leather armour A ball python comes into view.
The ball python hisses angrily.
You reach to attack!
You hit the ball python but do no damage.
The ball python misses you. The ball python grabs you.
The ball python constricts you.
You closely miss the ball python. The ball python barely misses you.
The ball python constricts you.
You hit the ball python. You burn the ball python.
The ball python is severely wounded.
The ball python bites you. The ball python constricts you.
You hit the ball python. You burn the ball python.
You kill the ball python!
You start removing your armour.
You continue taking off your +0 robe. x4
You finish taking off your +0 robe.
You start putting on your armour.
You continue putting on your +0 leather armour. x5
You finish putting on your +0 leather armour.
There are no items here.
Okay, then.
Unknown command.
Are you sure you want to abandon this character and quit the game? (Confirm with "yes".)

##### ..... #
##### .# ###### ..
...... ####.
...### .... ##.##
#.. #...## #.#
.#.#.## #@#
##†##.######## #.#
.............###.#
##.##.######.....#
.#)#.## #######
#...# ##.## ...#
####


There were no monsters in sight!

Vanquished Creatures
  A dart slug (D:1)
  3 ball pythons (D:1)
  3 bats (D:1)
  4 endoplasms (D:1)
  A giant cockroach (D:1)
  A goblin (D:1)
  4 hobgoblins (D:1)
  2 jackals (D:1)
  2 kobolds (D:1)
  2 quokkas (D:1)
  2 rats (D:1)
25 creatures vanquished.

Notes
Turn   | Place    | Note
-------+----------+-------------------------------------------
     0 | D:1      | kittinger the Human Cinder Acolyte began the quest for the
                  | Orb.
     0 | D:1      | Reached XP level 1. HP: 18/18 MP: 2/2
   147 | D:1      | Reached XP level 2. HP: 23/24 MP: 3/3
   220 | D:1      | HP: 1/24 [jackal (1)]
   413 | D:1      | Reached XP level 3. HP: 17/29 MP: 4/4
   504 | D:1      | You fall into a shaft and drop 1 floor!
   650 | D:1      | Quit the game

Illustrated notes

Levels and vault maps discovered:
D:1:      nzn_arrival_depleted_hourglass, layout_loops_ring,
          ebering_ecumenical_altar_rust, minmay_hedge_maze, minmay_heptomino_h4
D:2:      layout_rooms, basic_altar

Action                     || total
---------------------------++-------
  Melee: Spear             ||    97
  Throw: Stone             ||    10
   Stab: Sleeping          ||     2
 Armour: Robe              ||    16
  Dodge: Dodged            ||    59
